 Dungeon Crawl Stone Soup version 0.23.2-1-ga50397a (webtiles) character file.

Game seed: 4439936793246441901

18000 XPEneeg3 the Peltast (level 12, -3/110 HPs)
             Began as a Hill Orc Fighter on May 10, 2019.
             Was an Elder of Beogh.
             Slain by Saint Roka
             ... wielding a +3 halberd of flaming
              (13 damage)
             ... on level 2 of the Orcish Mines.
             The game lasted 01:27:11 (17297 turns).

XPEneeg3 the Peltast (Hill Orc Fighter)            Turns: 17297, Time: 01:27:12

Health: -3/110     AC: 22    Str: 24    XL:     12   Next: 53%
Magic:  0/18       EV:  8    Int:  8    God:    Beogh [****..]
Gold:   467        SH: 17    Dex: 10    Spells: 11/11 levels left

rFire    + + .     SeeInvis .   S - +5 flail
rCold    x . .     Gourm    .   E - +3 shield {AC+3}
rNeg     . . .     Faith    .   X - +0 plate armour
rPois    .         Spirit   +   p - +1 helmet
rElec    .         Reflect  .   z - scarf {Spirit}
rCorr    .         Harm     .   o - +1 pair of gloves
MR       .....                  (no boots)
Stlth    ..........             g - amulet of rage
HPRegen  0.28/turn              k - ring of protection from fire
MPRegen  0.16/turn              J - ring of fire

@: berserk cooldown, slowed, studying Shields, lightly drained, very slow
A: no striking features
a: Smiting, Recall Orcish Followers, Renounce Religion, Evoke Berserk Rage


You were on level 2 of the Orcish Mines.
You worshipped Beogh.
Beogh was greatly pleased with you.
You were not hungry.

You visited 3 branches of the dungeon, and saw 12 of its levels.

You collected 942 gold pieces.
You spent 475 gold pieces at shops.

Inventory:

Hand Weapons
 a - a +1 war axe
 r - a +2 hand axe of draining
 D - a +3 scimitar
 O - a +1 falchion of flaming
 P - a +0 hand crossbow
 Q - a +5 mace
 S - a +5 flail (weapon)
 V - the +3 quarterstaff "Oretusag" {crush, rElec rPois Int-5 Dex+5, unknown}
   (You found it on level 9 of the Dungeon)

   It inflicts extra damage upon your enemies.
   It affects your intelligence (-5).
   It affects your dexterity (+5).
   It insulates you from electricity.
   It protects you from poison.
Missiles
 A - a throwing net (quivered)
 G - 31 tomahawks
 W - 5 poisoned tomahawks
Armour
 b - a +1 ring mail of fire resistance
 o - a +1 pair of gloves (worn)
 p - a +1 helmet (worn)
 z - a scarf of spirit shield (worn)
 E - a +3 shield of protection (worn)
 X - a +0 plate armour (worn)
Magical Staves
 q - an uncursed staff of power
Jewellery
 g - an amulet of rage (around neck)
 k - a ring of protection from fire (left hand)
 J - a ring of fire (right hand)
 T - an uncursed amulet of the gourmand
Wands
 m - a wand of random effects (21)
 C - a wand of paralysis (8)
 L - a wand of enslavement (1)
Scrolls
 e - 2 scrolls of identify
 i - 2 scrolls of teleportation
 s - a scroll of amnesia
 u - 2 scrolls of enchant weapon
 v - 4 scrolls of remove curse
 x - 4 scrolls of immolation
 B - 3 scrolls of magic mapping
 F - a scroll of fog {unknown}
 H - a scroll of vulnerability
Potions
 d - 2 potions of might
 h - a potion of lignification
 j - a potion of brilliance {unknown}
 l - 2 potions of mutation
 n - a potion of invisibility
 t - 3 potions of agility
 w - a potion of berserk rage
 I - 2 potions of heal wounds
 K - a potion of magic {unknown}
 R - a potion of degeneration
Books
 y - a manual of Shields
Miscellaneous
 c - a fan of gales (inert)
Comestibles
 f - 21 rations


   Skills:
 * Level 11.3(10.9) Fighting
 - Level 9.2(9.4) Axes
 * Level 4.4(6.3) Maces & Flails
 * Level 10.5(10.1) Armour
 * Level 4.1(3.8) Dodging
 - Level 15.0(14.6) Shields
 + Level 8.9(8.6) Invocations


You had 11 spell levels left.
You didn't know any spells.
Your spell library was empty.

Dungeon Overview and Level Annotations

Branches:
Dungeon (9/15)             Temple (0/1) D:4             Orc (2/2) D:9
    Elf (1/3) Orc:2
   Lair: D:8-11

Altars:
Ashenzari
Cheibriados
Elyvilon
Fedhas
Hepliaklqana
Kikubaaqudgha
Sif Muna
Vehumet
Wu Jian
Yredelemnul
Zin
The Shining One
Beogh

Shops:
D:9 %**[   Orc:2 [=

Annotations:
Orc:1 Gastronok
Orc:2 Saint Roka


Message History

You are exhausted.
You feel yourself slow down.
The sun demon hits you but does no damage.
You block Saint Roka's attack. The smoke demon gestures at you.
Beogh smites you!
* * * LOW HITPOINT WARNING * * *
You hit Saint Roka but do no damage.
Saint Roka is heavily wounded.
The sun demon hits you!
* * * LOW HITPOINT WARNING * * *
You are engulfed in flames.
You resist.
* * * LOW HITPOINT WARNING * * *
The neqoxec gestures.
The orc high priest calls upon Beogh to heal Saint Roka.
Saint Roka is healed somewhat.
Your orc warrior hits Saint Roka with a +0 long sword.
Saint Roka hits you with a +3 halberd of flaming!
You die...
Beogh appreciates Saint Roka's killing of a heretic priest.

##.### .....# #.## ......#
#### ......## ###..###
.).5..##....# #.'..#..
#.....##...###.#(.#..
#).3..#....##.#####[
#oo33.##...##.......
#o@...#...#####....
######...).##..##..#....
##...##.)....#...#..'....
##.....##..)......#[.#.###
##...8...##........####.#..
#8.......8)..8...8.####.[..
#...._..oo......)..)....#..
#8.....).8...8...8.####)###
##...8...##........####....


You could see Saint Roka, an orc high priest, a sun demon, a smoke demon, a
neqoxec, an iron imp and a friendly orc warrior.

Vanquished Creatures
  A hydra (D:8)
  5 two-headed ogres
  The ghost of Kahsius the Ruffian, a novice HOMo of Nemelex Xobeh (D:6)
  3 orc knights
  An orc sorcerer (Orc:2)
  A troll (Orc:2)
  3 hippogriffs
  2 dream sheep (D:8)
  Grinder (D:5)
  A wyvern (D:9)
  8 yaks
  3 hungry ghosts (D:9)
  Menkaure (D:5)
  A warg (Orc:2)
  3 water moccasins
  18 orc warriors
  4 sky beasts
  3 black bears
  3 ice beasts
  11 ogres
  3 phantoms
  A necrophage (D:6)
  4 centaurs
  5 big kobolds
  A wyvern zombie (D:9)
  4 bullfrogs
  A wyvern skeleton (D:8)
  4 scorpions
  4 troll zombies (D:9)
  4 killer bees
  8 wights
  3 howler monkeys
  4 jellies
  5 crimson imps
  2 bullfrog zombies
  9 orc priests
  5 bullfrog skeletons
  2 hounds
  8 orc wizards
  2 centaur skeletons
  5 iguanas
  6 worker ants
  4 ogre zombies (D:9)
  A bullfrog simulacrum (D:6)
  A howler monkey zombie (D:7)
  A killer bee simulacrum (D:6)
  4 worker ant zombies
  21 gnolls
  10 adders
  A shadow imp (D:9)
  A howler monkey simulacrum (D:6)
  An ooze (D:6)
  An adder zombie (D:8)
  An adder skeleton (D:3)
  4 worms
  7 leopard geckos
  32 orcs
  3 giant cockroaches
  7 goblins
  7 hobgoblins
  5 jackals
  12 kobolds
  4 quokkas
  2 ball pythons
  12 bats
  6 frilled lizards
  4 goblin skeletons (D:9)
  A goblin zombie (D:9)
  A hobgoblin zombie (D:9)
  A leopard gecko skeleton (D:7)
  A leopard gecko zombie (D:7)
  19 orc zombies (D:9)
  11 rats
350 creatures vanquished.

Vanquished Creatures (collateral kills)
  2 deep elf magi (Elf:1)
  6 orc warriors
  An ogre (Orc:2)
  3 orc priests
  An orc wizard (Orc:1)
  6 orcs (Orc:2)
19 creatures vanquished.

Vanquished Creatures (others)
  An orc sorcerer (Orc:2)
  6 orc warriors
  2 orc priests (Orc:2)
  2 orc wizards (Orc:2)
  24 orcs
  2 goblins (D:3)
  A hobgoblin (D:3)
  A bat (D:3)
  A rat (D:3)
40 creatures vanquished.

Grand Total: 409 creatures vanquished

Notes
Turn   | Place    | Note
-------+----------+-------------------------------------------
     0 | D:1      | XPEneeg3 the Hill Orc Fighter began the quest for the Orb.
     0 | D:1      | Reached XP level 1. HP: 19/19 MP: 1/1
   274 | D:1      | Reached XP level 2. HP: 27/27 MP: 2/2
   786 | D:2      | Reached XP level 3. HP: 33/33 MP: 3/3
  1085 | D:2      | Reached XP level 4. HP: 18/40 MP: 4/4
  1494 | D:2      | Reached skill level 4 in Shields
  1747 | D:2      | Reached XP level 5. HP: 32/47 MP: 5/5
  2126 | D:3      | Became a worshipper of Beogh the Brigand
  2194 | D:3      | Reached skill level 5 in Fighting
  2281 | D:3      | Reached XP level 6. HP: 52/56 MP: 6/6
  2391 | D:3      | Reached * piety under Beogh
  3324 | D:4      | Reached skill level 5 in Axes
  3415 | D:4      | Reached skill level 5 in Armour
  3415 | D:4      | Reached skill level 5 in Shields
  3415 | D:4      | Reached XP level 7. HP: 40/61 MP: 7/7
  3416 | D:4      | Found a glowing golden altar of the Shining One.
  3671 | D:4      | Found a staircase to the Ecumenical Temple.
  3985 | D:5      | Entered Level 5 of the Dungeon
  4021 | D:5      | Noticed Grinder
  4038 | D:5      | Killed Grinder
  4063 | D:5      | Reached XP level 8. HP: 60/71 MP: 8/8
  4124 | D:5      | Reached skill level 6 in Shields
  4175 | D:5      | Noticed a hippogriff
  4185 | D:5      | Killed a hippogriff
  4293 | D:5      | Reached ** piety under Beogh
  4430 | D:5      | Reached skill level 1 in Invocations
  4911 | D:5      | Noticed Menkaure
  4917 | D:5      | Killed Menkaure
  4917 | D:5      | Reached skill level 7 in Shields
  4917 | D:5      | Reached XP level 9. HP: 80/80 MP: 10/10
  5204 | D:6      | Found an ornate altar of the Wu Jian Council.
  5288 | D:6      | Found a hazy altar of Hepliaklqana.
  6012 | D:6      | Found a runed translucent gate.
  6012 | D:6      | Found a runed translucent gate.
  6012 | D:6      | Found a runed translucent gate.
  6012 | D:6      | Noticed Kahsius's ghost (novice HOMo)
  6501 | D:7      | Reached skill level 5 in Invocations
  6511 | D:7      | Reached skill level 8 in Shields
  7336 | D:8      | Reached XP level 10. HP: 60/91 MP: 10/14
  7647 | D:8      | Found a blossoming altar of Fedhas.
  7650 | D:8      | Found a shattered altar of Ashenzari.
  7766 | D:8      | Found an ancient bone altar of Kikubaaqudgha.
  7943 | D:8      | Found a glowing silver altar of Zin.
  7944 | D:8      | Found a radiant altar of Vehumet.
  8075 | D:8      | Reached skill level 1 in Dodging
  8215 | D:8      | Noticed a two-headed hydra
  9029 | D:8      | Killed a one-headed hydra
  9029 | D:8      | Reached skill level 9 in Shields
  9579 | D:6      | Killed Kahsius's ghost
  9579 | D:6      | Reached skill level 10 in Fighting
 10020 | D:9      | Found Asecs's General Store.
 10030 | D:9      | Found Renedut's Antique Armour Emporium.
 10095 | D:9      | Reached XP level 11. HP: 25/100 MP: 7/16
 10416 | D:9      | Bought a glowing helmet for 195 gold pieces
 10459 | D:9      | Bought a +1 shield of protection for 280 gold pieces
 10489 | D:9      | Found a staircase to the Orcish Mines.
 10794 | D:9      | Reached skill level 10 in Shields
 10941 | D:9      | Found a basalt altar of Yredelemnul.
 10942 | D:9      | Found a deep blue altar of Sif Muna.
 10999 | D:9      | Reached skill level 11 in Shields
 11038 | D:9      | Found Wuddis's Food Shop.
 11123 | D:9      | Found Podditra's General Store.
 11140 | D:9      | Reached *** piety under Beogh
 11178 | D:9      | Reached skill level 12 in Shields
 11193 | D:9      | Noticed a two-headed ogre
 11197 | D:9      | Killed a two-headed ogre
 11197 | D:9      | Reached skill level 13 in Shields
 11661 | D:9      | Reached skill level 14 in Shields
 11704 | D:9      | Got a dazzling quarterstaff
 11973 | D:9      | Found a white marble altar of Elyvilon.
 11994 | D:9      | Found a snail-covered altar of Cheibriados.
 12228 | Orc:1    | Entered Level 1 of the Orcish Mines
 12235 | Orc:1    | Found a roughly hewn altar of Beogh.
 12319 | Orc:1    | Noticed Gastronok
 12357 | Orc:1    | Noticed an orc knight
 12368 | Orc:1    | Killed an orc knight
 12379 | Orc:1    | Reached skill level 15 in Shields
 12874 | Orc:2    | Entered Level 2 of the Orcish Mines
 12879 | Orc:2    | Noticed a two-headed ogre
 12890 | Orc:2    | Killed a two-headed ogre
 12890 | Orc:2    | Reached skill level 1 in Maces & Flails
 12940 | Orc:2    | Noticed a two-headed ogre
 12944 | Orc:2    | Killed a two-headed ogre
 12944 | Orc:2    | Reached XP level 12. HP: 45/108 MP: 3/18
 13229 | Orc:2    | Noticed a two-headed ogre
 13238 | Orc:2    | Killed a two-headed ogre
 13238 | Orc:2    | Reached skill level 10 in Armour
 15284 | Orc:2    | Noticed a two-headed ogre
 15298 | Orc:2    | Killed a two-headed ogre
 15532 | Orc:2    | Found a staircase to the Elven Halls.
 15558 | Elf:1    | Entered Level 1 of the Elven Halls
 15808 | Orc:2    | Noticed a sun demon
 15817 | Orc:2    | Paralysed by an orc sorcerer for 4 turns
 15824 | Orc:2    | Noticed a soul eater
 15828 | Orc:2    | Paralysed by an orc sorcerer for 6 turns
 16212 | Orc:2    | Noticed an orc high priest
 16212 | Orc:2    | Noticed Saint Roka
 16216 | Orc:2    | Noticed a sun demon
 16676 | Orc:2    | Found Ipotuetu's Jewellery Boutique.
 16705 | Orc:2    | Found Rinomelo's Armour Shop.
 17261 | Orc:2    | Found a roughly hewn altar of Beogh.
 17282 | Orc:2    | Noticed a sun demon
 17295 | Orc:2    | Reached **** piety under Beogh
 17297 | Orc:2    | Slain by Saint Roka

Skill      XL: |  1  2  3  4  5  6  7  8  9 10 11 12 |
---------------+-------------------------------------+-----
Axes           | 3 4 5 6 7 8 9 |  9.2
Fighting       | 4 5 6 7 9 10 11 | 11.3
Shields        | 4 5 7 8 9 15 | 15.0
Armour         | 4 5 7 8 9 10 | 10.5
Invocations    | 2 5 7 8 |  8.9
Dodging        | 2 4 |  4.1
Maces & Flails | 2 4 |  4.4

Action                   |  1- 3 |  4- 6 |  7- 9 | 10-12 || total
-------------------------+-------+-------+-------+-------++-------
Melee: War axe           |   103 |   228 |   318 |   101 ||   750
       Falchion          |       |       |       |    93 ||    93
       Mace              |       |       |       |    87 ||    87
       Flail             |       |       |       |   628 ||   628
Throw: Throwing net      |       |     1 |       |       ||     1
Invok: Convert to Beogh  |       |     1 |       |       ||     1
       Smiting           |       |       |     5 |    23 ||    28
 Abil: Evoke Berserk Rag |       |       |     1 |     2 ||     3
Evoke: Wand              |       |       |       |     4 ||     4
       Fan of gales      |       |       |       |     1 ||     1
  Use: Potion            |       |     2 |     3 |     6 ||    11
       Scroll            |       |     5 |     8 |    11 ||    24
 Stab: Distracted        |       |       |       |     1 ||     1
  Eat: Chunk             |     1 |     8 |    10 |    23 ||    42
       Ration            |       |       |     1 |     5 ||     6
Armor: Scale mail        |    58 |    99 |   115 |   292 ||   564
       Plate armour      |       |       |       |    80 ||    80
Dodge: Dodged            |    30 |    80 |    95 |   292 ||   497
Block: Shield            |    58 |   114 |   153 |   700 ||  1025
       Rpst.: Falchion   |       |       |       |    10 ||    10
